 Dungeon Crawl Stone Soup version 0.26-a0-652-gafc20e3620 (webtiles) character file.

Game seed: 2758498452105660636

3757 DogServant the Martial Artist (level 10, -12/76 HPs)
             Began as a Gnoll Transmuter on Oct 2, 2020.
             Was a Priest of Wu Jian.
             Mangled by an orc warrior
             ... wielding a +0 glaive
              (23 damage)
             ... on level 10 of the Dungeon.
             The game lasted 00:18:28 (8335 turns).

DogServant the Martial Artist (Gnoll Transmuter)    Turns: 8335, Time: 00:18:28

Health: -12/76     AC:  2    Str: 13    XL:     10   Next: 15%
Magic:  19/20      EV: 28    Int: 15    God:    Wu Jian [***...]
Gold:   523        SH:  0    Dex: 24    Spells: 5/23 levels left

rFire    . . .     SeeInvis .     - Unarmed
rCold    . . .     Faith    .   (shield currently unavailable)
rNeg     . . .     Spirit   .   (armour currently unavailable)
rPois    x         Reflect  .   (helmet currently unavailable)
rElec    .         Harm     .   (cloak currently unavailable)
rCorr    +         Rampage  .   (gloves currently unavailable)
MR       .....                  (boots currently unavailable)
Stlth    +++.......             E - amulet of inaccuracy (curse)
HPRegen  0.22/turn              d - +4 ring of slaying
MPRegen  0.17/turn              l - ring of resist corrosion

@: spider-form (expiring)
A: tiny, distributed training, strong nose
a: End Transformation, Wall Jump, Serpent's Lash, Renounce Religion


You were on level 10 of the Dungeon.
You worshipped Wu Jian.
Wu Jian was most pleased with you.
You were a venomous arachnid creature.
You visited 1 branch of the dungeon, and saw 10 of its levels.

You collected 713 gold pieces.
You spent 190 gold pieces at shops.

Inventory:

Hand Weapons
 y - the +8 demon blade "Leech" (melded) {vamp, *Rage +Rage rN+}
   (You found it on level 9 of the Dungeon)

   It inflicts no extra harm, but heals its wielder when it wounds a living foe.
   It protects you from negative energy.
   It lets you go berserk.
   It may make you go berserk in combat.
Missiles
 k - 14 boomerangs (quivered)
Armour
 h - the +4 kite shield of the Ditch-Digger {Int+4}
   (You found it on level 2 of the Dungeon)

   It affects your intelligence (+4).
 j - a +0 buckler (melded)
 m - a +3 leather armour
 o - a +2 pair of gloves of strength (melded)
 u - a +1 robe of magic resistance (melded)
Jewellery
 d - a +4 ring of slaying (left front leg)
 l - a ring of resist corrosion (right front leg)
 E - a cursed amulet of inaccuracy (around neck)
Wands
 i - a wand of polymorph (6)
 n - a wand of flame (19)
 w - a wand of random effects (20)
 x - a wand of acid (9)
 D - a wand of digging (9)
Scrolls
 c - 4 scrolls of magic mapping
 g - 6 scrolls of identify
 p - 2 scrolls of fog
 r - 3 scrolls of teleportation
 s - a scroll of fear
 z - a scroll of enchant weapon {unknown}
Potions
 a - 3 potions of brilliance
 b - 2 potions of flight
 e - a potion of might
 f - 8 potions of curing
 q - 3 potions of heal wounds
 t - a potion of haste
 v - 2 potions of degeneration {unknown}
 A - a potion of ambrosia {unknown}
 B - a potion of invisibility {unknown}
 C - a potion of stabbing {unknown}


   Skills:
 + Level 5.7 Fighting
 + Level 5.0 Short Blades
 + Level 5.0 Long Blades
 + Level 5.0 Axes
 + Level 5.0 Maces & Flails
 + Level 5.0 Polearms
 + Level 5.0 Staves
 + Level 5.0 Slings
 + Level 5.0 Bows
 + Level 5.0 Crossbows
 + Level 5.0 Throwing
 + Level 5.0 Armour
 + Level 6.8 Dodging
 + Level 5.0 Stealth
 + Level 5.0 Shields
 + Level 8.3 Unarmed Combat
 + Level 7.1 Spellcasting
 + Level 4.1 Conjurations
 + Level 4.1 Hexes
 + Level 4.1 Summonings
 + Level 4.1 Necromancy
 + Level 4.1 Translocations
 + Level 5.7 Transmutations
 + Level 4.1 Fire Magic
 + Level 4.1 Ice Magic
 + Level 4.1 Air Magic
 + Level 4.1 Earth Magic
 + Level 4.1 Poison Magic
 + Level 5.5 Invocations
 + Level 5.0 Evocations


You had 5 spell levels left.
You knew the following spells:

 Your Spells              Type           Power        Failure   Level
a - Beastly Appendage     Tmut           ###...       6%          1
b - Wereblood             Tmut           ###.....     8%          2
c - Spider Form           Tmut/Pois      ###.......   16%         3
d - Ice Form              Ice/Tmut       ###.....     36%         4
e - Blade Hands           Tmut           ###.......   56%         5
f - Conjure Flame         Conj/Fire      ###.....     19%         3

Your spell library contained the following spells:

 Spells                   Type           Power        Failure   Level
 Foxfire                  Conj/Fire      ###.         9%          1
 Inner Flame              Hex/Fire       ###.....     19%         3
 Sticky Flame             Conj/Fire      ###.....     45%         4
 Fireball                 Conj/Fire      ###.......   75%         5


Dungeon Overview and Level Annotations

Branches:
Dungeon (10/15)            Temple (0/1) D:5            Lair (0/6) D:9
    Orc (0/2) D:10

Altars:
Dithmenos
Fedhas
Hepliaklqana
Kikubaaqudgha
Makhleb
Nemelex Xobeh
Qazlal
Ru
Vehumet
Wu Jian
Yredelemnul
Zin
The Shining One

Shops:
D:7 *   D:9 (!   D:10 [

Annotations:
D:8 Harold
D:10 1 runed translucent door


Innate Abilities, Weirdness & Mutations

Your experience applies equally to all skills.
((You have very sharp teeth.))
Your uncanny sense of smell can sniff out nearby items.


Message History

The Council accepts your kill. The orc warrior completely misses you.
You lunge at the orc warrior.
You bite the orc warrior!
The orc warrior is poisoned.
The orc warrior is moderately wounded.
The orc warrior completely misses you.
You hit the orc warrior but do no damage.
The orc warrior looks as sick as possible!
The orc warrior is moderately wounded.
The orc warrior misses you.
You hit the orc warrior but do no damage.
The orc warrior looks as sick as possible!
The orc warrior is moderately wounded.
You completely miss the orc warrior.
The orc warrior is moderately wounded.
The orc warrior misses you.
You bite the orc warrior!
The orc warrior is severely wounded.
The orc warrior hits you with a +0 glaive!!
You die...

..................
##........######
#...[....# ####
#.÷......# #...
#........# #...
#........# #...
#........# #...
#........# #...
#.so.....#######...
#)............##...
#........####.##...
########## #†##†..
#.##### #.# #.# #.#
#.#


You could see an orc warrior (extremely poisoned).

Vanquished Creatures
  Pikel (D:8)
  A troll (D:10)
  A wyvern (D:10)
  Edmund (D:5)
  Menkaure (D:7)
  2 ice beasts
  2 orc warriors
  2 phantoms
  2 ogres
  3 centaurs
  3 lemures (D:8)
  A big kobold (D:7)
  4 bullfrogs
  A gnoll sergeant (D:7)
  3 scorpions
  A howler monkey (D:6)
  2 centaur zombies
  2 quasits
  5 orc wizards
  5 orc priests
  2 bullfrog skeletons
  5 hounds
  A jelly (D:6)
  5 iguanas
  4 worker ants
  A hound zombie (D:6)
  4 gnolls
  6 adders
  3 shadow imps
  A white imp (D:9)
  An adder zombie (D:5)
  2 oozes
  An adder skeleton (D:4)
  A worm (D:3)
  A dart slug (D:4)
  6 leopard geckos
  31 orcs
  3 ball pythons
  15 bats
  9 giant cockroaches
  9 goblins
  12 hobgoblins
  15 jackals
  2 quokkas
  8 frilled lizards
  8 kobolds
  A leopard gecko skeleton (D:5)
  5 rats
205 creatures vanquished.

Vanquished Creatures (others)
  2 plants (D:1)
2 creatures vanquished.

Grand Total: 207 creatures vanquished

Notes
Turn   | Place    | Note
-------+----------+-------------------------------------------
     0 | D:1      | DogServant the Gnoll Transmuter began the quest for the
                  | Orb.
     0 | D:1      | Reached XP level 1. HP: 17/17 MP: 6/6
   184 | D:1      | Reached XP level 2. HP: 21/23 MP: 4/7
   313 | D:1      | Reached XP level 3. HP: 25/28 MP: 7/9
   375 | D:1      | Reached skill level 5 in Spellcasting
   816 | D:1      | Reached skill level 1 in Invocations
   832 | D:1      | Learned a level 2 spell: Wereblood
   988 | D:2      | Found a glowing silver altar of Zin.
  1094 | D:2      | Reached skill level 1 in Short Blades
  1094 | D:2      | Reached skill level 1 in Long Blades
  1094 | D:2      | Reached skill level 1 in Axes
  1094 | D:2      | Reached skill level 1 in Maces & Flails
  1094 | D:2      | Reached skill level 1 in Polearms
  1094 | D:2      | Reached skill level 1 in Staves
  1094 | D:2      | Reached skill level 1 in Slings
  1094 | D:2      | Reached skill level 1 in Bows
  1094 | D:2      | Reached skill level 1 in Crossbows
  1094 | D:2      | Reached skill level 1 in Throwing
  1094 | D:2      | Reached skill level 1 in Armour
  1094 | D:2      | Reached skill level 1 in Stealth
  1094 | D:2      | Reached skill level 1 in Shields
  1094 | D:2      | Reached skill level 1 in Evocations
  1168 | D:2      | Reached XP level 4. HP: 32/34 MP: 9/11
  1642 | D:2      | Learned a level 3 spell: Spider Form
  1666 | D:2      | Got a dazzling kite shield
  1996 | D:3      | Found a hazy altar of Hepliaklqana.
  2041 | D:3      | Reached skill level 1 in Conjurations
  2041 | D:3      | Reached skill level 1 in Hexes
  2041 | D:3      | Reached skill level 1 in Summonings
  2041 | D:3      | Reached skill level 1 in Necromancy
  2041 | D:3      | Reached skill level 1 in Translocations
  2041 | D:3      | Reached skill level 1 in Fire Magic
  2041 | D:3      | Reached skill level 1 in Ice Magic
  2041 | D:3      | Reached skill level 1 in Air Magic
  2041 | D:3      | Reached skill level 1 in Earth Magic
  2041 | D:3      | Reached skill level 1 in Poison Magic
  2300 | D:3      | Reached XP level 5. HP: 36/40 MP: 10/12
  2370 | D:3      | Found an ornate altar of the Wu Jian Council.
  2475 | D:3      | Became a worshipper of the Wu Jian Council
  2697 | D:3      | Reached XP level 6. HP: 45/47 MP: 11/13
  2825 | D:4      | Reached * piety under Wu Jian
  2826 | D:4      | Reached skill level 5 in Dodging
  2932 | D:4      | Identified the +4 kite shield of the Ditch-Digger {Int+4}
                  | (You found it on level 2 of the Dungeon)
  3027 | D:4      | Noticed a phantom
  3042 | D:4      | Killed a phantom
  3042 | D:4      | Reached XP level 7. HP: 39/52 MP: 12/15
  3201 | D:4      | Learned a level 4 spell: Ice Form
  3208 | D:4      | Learned a level 5 spell: Blade Hands
  3222 | D:4      | Reached skill level 7 in Unarmed Combat
  3370 | D:4      | Found a stormy altar of Qazlal.
  3642 | D:4      | Found an ancient bone altar of Kikubaaqudgha.
  3695 | D:5      | Entered Level 5 of the Dungeon
  3787 | D:5      | Found a staircase to the Ecumenical Temple.
  3854 | D:5      | Found a basalt altar of Yredelemnul.
  3895 | D:5      | Noticed Edmund
  3910 | D:5      | Killed Edmund
  3965 | D:5      | Reached XP level 8. HP: 44/60 MP: 14/16
  4197 | D:5      | Found a shadowy altar of Dithmenos.
  4556 | D:6      | Found a burning altar of Makhleb.
  4618 | D:6      | Reached ** piety under Wu Jian
  4844 | D:6      | Found a glowing golden altar of the Shining One.
  4866 | D:6      | Found a sacrificial altar of Ru.
  5262 | D:7      | Noticed Menkaure
  5266 | D:7      | Reached skill level 5 in Transmutations
  5266 | D:7      | Reached XP level 9. HP: 29/66 MP: 18/18
  5279 | D:7      | Killed Menkaure
  5833 | D:7      | Found a sparkling altar of Nemelex Xobeh.
  5877 | D:7      | Found a blossoming altar of Fedhas.
  6187 | D:7      | Found Waren's Assorted Antiques.
  6193 | D:7      | Reached skill level 5 in Fighting
  6198 | D:7      | Bought a bubbling black potion for 27 gold pieces
  6198 | D:7      | Bought a scroll of teleportation for 93 gold pieces
  6323 | D:8      | Noticed Harold
  6810 | D:8      | Reached *** piety under Wu Jian
  7020 | D:8      | Reached skill level 8 in Unarmed Combat
  7038 | D:8      | Noticed Pikel
  7063 | D:8      | Killed Pikel
  7063 | D:8      | Reached skill level 5 in Invocations
  7160 | D:8      | Learned a level 3 spell: Conjure Flame
  7169 | D:8      | Noticed a hornet
  7221 | D:9      | Found a staircase to the Lair.
  7275 | D:9      | Found the +8 demon blade "Leech" {vamp, *Rage +Rage rN+}
  7396 | D:9      | Found Namus Vyu's Antique Weapon Boutique.
  7541 | D:9      | Found a radiant altar of Vehumet.
  7564 | D:9      | Found Guwikhas's Distillery.
  7569 | D:9      | Bought a potion of heal wounds for 70 gold pieces
  7717 | D:10     | Entered Level 10 of the Dungeon
  7725 | D:10     | Found a runed translucent gate.
  7727 | D:10     | Found the +9 staff of Olgreb {rPois∞}
  7832 | D:10     | Reached XP level 10. HP: 66/74 MP: 20/20
  8289 | D:10     | Found Caoxompo's Armour Shop.
  8290 | D:10     | Found a staircase to the Orcish Mines.
  8292 | D:10     | Reached skill level 5 in Short Blades
  8292 | D:10     | Reached skill level 5 in Long Blades
  8292 | D:10     | Reached skill level 5 in Axes
  8292 | D:10     | Reached skill level 5 in Maces & Flails
  8292 | D:10     | Reached skill level 5 in Polearms
  8292 | D:10     | Reached skill level 5 in Staves
  8292 | D:10     | Reached skill level 5 in Slings
  8292 | D:10     | Reached skill level 5 in Bows
  8292 | D:10     | Reached skill level 5 in Crossbows
  8292 | D:10     | Reached skill level 5 in Throwing
  8292 | D:10     | Reached skill level 5 in Armour
  8292 | D:10     | Reached skill level 5 in Stealth
  8292 | D:10     | Reached skill level 5 in Shields
  8292 | D:10     | Reached skill level 5 in Evocations
  8335 | D:10     | Mangled by an orc warrior

Illustrated notes

Levels and vault maps discovered:
D:1:      dpeg_arrival_central, layout_rooms, serial_forest,
          infiniplex_forest_clump_long, infiniplex_forest_clump_diagonal,
          infiniplex_forest_lined_room_2, infiniplex_forest_straight_1
D:2:      minmay_recursive_quarters, layout_basic, zin_treasury, corexii_shack
D:3:      layout_rooms, nicolae_overflow_crystal_walls, old_standard_altar
D:4:      layout_cave_pools, lemuel_crystal_altar, marbit_many_paths,
          minivault_26
D:5:      layout_basic, yredelemnul_altar_generic, grunt_dithmenos_shadows,
          minmay_temple_entry_glass, uniq_edmund
D:6:      minmay_diamond_boxcup, layout_basic, tso_metal_star,
          lightli_temple_of_fire, nicolae_ru_great_annihilating_truth
D:7:      layout_basic, fedhas_ov_isle_minmay, serial_shops, shop_statue,
          nemelex_spade_bored_becter, uniq_menkaure
D:8:      layout_cave_pools, okawaru_gym_becter, uniq_harold, uniq_pikel
D:9:      layout_basic, kennysheep_mini, dpeg_oklobed_lair, serial_shops,
          shop_coins, kennysheep_little_box
D:10:     layout_basic, orc_david_3, minmay_guarded_unrand_staff_of_olgreb

Skill      XL: |  1  2  3  4  5  6  7  8  9 10 |
---------------+-------------------------------+-----
Spellcasting   | 5 6 7 |  7.1
Invocations    | 1 2 3 4 5 |  5.5
Short Blades   | 1 2 3 4 5 |  5.0
Long Blades    | 1 2 3 4 5 |  5.0
Axes           | 1 2 3 4 5 |  5.0
Maces & Flails | 1 2 3 4 5 |  5.0
Polearms       | 1 2 3 4 5 |  5.0
Staves         | 1 2 3 4 5 |  5.0
Slings         | 1 2 3 4 5 |  5.0
Bows           | 1 2 3 4 5 |  5.0
Crossbows      | 1 2 3 4 5 |  5.0
Throwing       | 1 2 3 4 5 |  5.0
Armour         | 1 2 3 4 5 |  5.0
Stealth        | 1 2 3 4 5 |  5.0
Shields        | 1 2 3 4 5 |  5.0
Evocations     | 1 2 3 4 5 |  5.0
Conjurations   | 1 2 3 4 |  4.1
Hexes          | 1 2 3 4 |  4.1
Summonings     | 1 2 3 4 |  4.1
Necromancy     | 1 2 3 4 |  4.1
Translocations | 1 2 3 4 |  4.1
Fire Magic     | 1 2 3 4 |  4.1
Ice Magic      | 1 2 3 4 |  4.1
Air Magic      | 1 2 3 4 |  4.1
Earth Magic    | 1 2 3 4 |  4.1
Poison Magic   | 1 2 3 4 |  4.1
Fighting       | 3 4 5 |  5.7
Transmutations | 4 5 |  5.7
Dodging        | 5 6 |  6.8
Unarmed Combat | 7 8 |  8.3

Action                   |  1- 3 |  4- 6 |  7- 9 | 10-12 || total
-------------------------+-------+-------+-------+-------++-------
Melee: Unarmed           |    64 |   123 |   239 |    12 ||   438
       Kick              |    10 |    16 |    36 |       ||    62
       Bite              |     4 |     5 |    21 |     4 ||    34
       Punch             |     1 |     2 |     2 |       ||     5
       Headbutt          |     4 |     8 |    27 |       ||    39
       Demon blade       |       |       |    14 |    15 ||    29
 Cast: Beastly Appendage |    18 |    16 |    25 |       ||    59
       Spider Form       |       |     4 |     7 |     1 ||    12
       Wereblood         |       |     2 |     6 |       ||     8
       Ice Form          |       |       |     1 |       ||     1
Invok: Lunge             |       |     4 |    19 |     3 ||    26
       Whirlwind         |       |       |    57 |    11 ||    68
       Serpent's Lash    |       |       |       |     1 ||     1
 Abil: Wall Jump         |       |       |       |     2 ||     2
  Use: Scroll            |       |     9 |     7 |       ||    16
       Potion            |       |       |     1 |       ||     1
 Stab: Sleeping          |     2 |     2 |    10 |     1 ||    15
Armor: Leather armour    |    15 |    13 |    20 |       ||    48
       Skin              |       |     1 |     4 |       ||     5
       Robe              |       |       |     1 |     3 ||     4
Dodge: Dodged            |    52 |    93 |   163 |    21 ||   329
Block: Buckler           |       |       |    22 |     6 ||    28
       Rpst.: Demon blade |       |       |     1 |     1 ||     2

Table legend: (Time is in decaauts)
 A = Elapsed time spent in this place.
 B = Non-inter-level travel time spent in this place.
 C = Inter-level travel time spent in this place.
 D = Time resting spent in this place.
 E = Time spent auto-exploring this place.
 F = Levels seen in this place.
 G = Mean time per level.
                   A        B        C        D        E       F      G
               +--------+--------+--------+--------+--------+-----+--------+
         Total |   8292 |   8015 |    277 |   1561 |   5196 |  10 |  829.2 |
       Dungeon |   8292 |   8015 |    277 |   1561 |   5196 |  10 |  829.2 |
               +--------+--------+--------+--------+--------+-----+--------+

Top non-repeatable levels by time:
     D:7: 1227 daAuts
     D:6: 1102 daAuts
     D:2: 1035 daAuts
     D:1: 933 daAuts
     D:4: 899 daAuts
     D:3: 799 daAuts
     D:5: 735 daAuts
    D:10: 636 daAuts
     D:9: 536 daAuts
     D:8: 386 daAuts
